 Dungeon Crawl Stone Soup version 0.25.0-11-g1f837a76a1 (webtiles) character file.

Game seed: 383701849434170509

10103 sentinel the Cleaver (level 11, -2/97 HPs)
             Began as a Deep Dwarf Fighter on June 26, 2020.
             Was a Priest of Makhleb.
             Slain by an orc warrior
             ... wielding a +0 halberd
             ... led by an orc knight
              (15 damage)
             ... on level 2 of the Orcish Mines.
             The game lasted 00:17:46 (2068 turns).

sentinel the Cleaver (Deep Dwarf Fighter)           Turns: 2068, Time: 00:17:46

Health: -2/97      AC: 14    Str: 24    XL:     11   Next: 31%
Magic:  13/13      EV:  7    Int:  8    God:    Makhleb [***...]
Gold:   190        SH:  0    Dex: 12    Spells: 10/10 levels left

rFire    + . .     SeeInvis +   l - +3 battleaxe "Ageajo" {vorpal, rC+ rN+ SInv}
rCold    + . .     Gourm    .   (shield currently unavailable)
rNeg     + . .     Faith    .   m - +0 plate armour {rF+}
rPois    .         Spirit   .   (no helmet)
rElec    .         Reflect  .   (no cloak)
rCorr    .         Harm     .   (no gloves)
MR       +....                  r - +0 pair of boots
Stlth    ..........             (no amulet)
HPRegen  0.00/turn              s - ring of wizardry
MPRegen  0.13/turn              (no ring)

@: non-regenerating
A: damage resistance, heal wounds, sense surroundings 2, no regeneration
a: Heal Wounds, Minor Destruction, Lesser Servant of Makhleb, Renounce Religion


You were on level 2 of the Orcish Mines.
You worshipped Makhleb.
Makhleb was most pleased with you.
You were hungry.

You visited 3 branches of the dungeon, and saw 12 of its levels.

You collected 500 gold pieces.
You spent 310 gold pieces at shops.

Inventory:

Hand Weapons
 b - a +1 war axe of venom
 f - a +0 vorpal hand axe
 i - a +2 war axe
 j - a +0 vampiric hand axe
 l - the +3 battleaxe "Ageajo" (weapon) {vorpal, rC+ rN+ SInv}
   (You bought it in a shop on level 2 of the Orcish Mines)

   It inflicts extra damage upon your enemies.
   It protects you from cold.
   It protects you from negative energy.
   It lets you see invisible.
Armour
 c - a +0 kite shield
 m - a +0 plate armour of fire resistance (worn)
 r - a +0 pair of boots (worn)
Jewellery
 s - a ring of wizardry (left hand)
Wands
 E - a wand of enslavement (2)
 V - a wand of flame (11)
Scrolls
 t - a scroll of teleportation
 u - 2 scrolls of magic mapping
Potions
 a - 2 potions of resistance {unknown}
 d - 2 potions of might
 h - a potion of haste {unknown}
 k - a potion of lignification
 n - a potion of cancellation
 o - 2 potions of curing {unknown}
 p - a potion of invisibility {unknown}
 q - a potion of brilliance {unknown}
Comestibles
 e - a ration
 g - 6 chunks of flesh


   Skills:
 + Level 6.0 Fighting
 + Level 12.5 Axes
 + Level 7.3 Armour
 + Level 7.2 Shields
 * Level 10.9 Invocations
 - Level 4.0 Evocations


You had 10 spell levels left.
You didn't know any spells.
Your spell library was empty.

Dungeon Overview and Level Annotations

Branches:
Dungeon (9/15)             Temple (1/1) D:5             Orc (2/2) D:9
    Elf (0/3) Orc:2
   Lair: D:8-11

Altars:
Ashenzari
Dithmenos
Elyvilon
Fedhas
Kikubaaqudgha
Makhleb
Nemelex Xobeh
Ru
Trog
Uskayaw
Wu Jian
Xom
Yredelemnul
The Shining One

Shops:
Orc:2 ([*=

Annotations:
D:5 Ijyb


Innate Abilities, Weirdness & Mutations

You are resistant to damage.
You can heal yourself by infusing magical energy.
You passively map the area around you.
You do not regenerate.


Message History

There is an entrance to Wutaimm's Antique Armour Shoppe here.
r - a pair of boots Thank you for shopping at Wutaimm's Antique Armour Shoppe!
You start putting on your armour.
You continue putting on your pair of boots. x4
You finish putting on your +0 pair of boots.
An orc and an orc warrior come into view.
The orc warrior shouts!
The orc shouts!
An orc comes into view.
The orc warrior closely misses you. The orc hits you with a +0 war axe.
You slash the orc warrior! You hit the orc.
Your orange demon stings the orc but does no damage.
The orc warrior hits you with a +0 glaive!
Your smoke demon hits the orc warrior.
Your smoke demon hits the orc warrior but does no damage.
Your smoke demon hits the orc warrior.
The orc hits you but does no damage.
The orc hits your smoke demon but does no damage.
You catch the helpless orc warrior completely off-guard!
You hit the orc warrior but do no damage.
Your plate armour prevents you from hitting the orc.
You slash the orc!
You kill the orc!
Makhleb accepts your kill.
You feel better.
Your smoke demon gestures at the orc warrior.
The orc warrior is smitten.
The orc warrior dies!
Makhleb accepts your kill.
Your orange demon stings the orc from afar.
The orc dies!
Makhleb accepts your kill.
Things that are here:
a +0 glaive; a +0 plate armour
Things that are here:
a +0 war axe; a +0 leather armour You swap places.
Things that are here:
a +0 glaive; a +0 plate armour Your orange demon disappears in a puff of smoke!
Your smoke demon disappears in a puff of smoke!
Your smoke demon disappears in a puff of smoke!
Found 16 gold pieces.
Found a staircase to the Elven Halls.
An orc and an orc sorcerer come into view.
The orc sorcerer is wielding a +0 dagger and wearing a +1 robe of magic resistance.
The orc shouts!
The orc sorcerer shouts!
You feel much better.
An orc warrior comes into view. It is wielding a +0 halberd.
An orc warrior comes into view. It is wielding a +0 hand axe.
The orc warrior shouts!
Found 13 gold pieces.
You slash the orc sorcerer! You slash the orc!
You kill the orc!
Makhleb accepts your kill.
You feel better.
An orc knight comes into view. It is wielding a -3 war axe.
The orc sorcerer hits you but does no damage.
The orc knight shouts!
You slice the orc sorcerer!!
You kill the orc sorcerer!
Makhleb accepts your kill.
You feel better.
Your Fighting skill increases to level 6!
An ogre comes into view. It is wielding a +0 giant club.
The orc knight roars a battlecry!
The orc warriors go into a battle-frenzy!
The orc warrior hits you from afar with a +0 halberd.
The ogre shouts!
The orc warrior barely misses you.
The orc warrior hits you with a +0 halberd!
Things that are here:
a +0 whip; a +0 leather armour You closely miss the orc warrior. x2
The orc warrior hits you with a +0 hand axe!
The orc warrior hits you with a +0 halberd!!
A demon appears!
The orc warrior hits you but does no damage.
The orc warrior barely misses your hellwing.
The orc warrior barely misses you.
A demon appears!
The orc warrior hits you but does no damage.
The orc warrior hits your hellwing with a +0 hand axe!
Your hellwing hits the orc warrior!
Your hellwing hits the orc warrior but does no damage.
You feel much better. The orc warrior closely misses you.
The orc warrior hits your hellwing with a +0 hand axe!
The orc warrior hits you from afar with a +0 halberd!
Your hellwing hits the orc warrior!
Your hellwing hits the orc warrior but does no damage.
The ogre hits your hellwing with a +0 giant club.
You hit the orc knight. You barely miss the orc warrior.
The orc warrior closely misses you.
The orc warrior barely misses your hellwing.
The orc warrior hits your neqoxec with a +0 hand axe!
Your hellwing hits the ogre! Your hellwing hits the ogre.
Your neqoxec misses the orc warrior. You closely miss the orc knight.
You closely miss the orc warrior. The orc warrior barely misses you.
The ogre hits your hellwing but does no damage.
The orc knight hits you with a cursed -3 war axe!
Your hellwing barely misses the ogre.
Your hellwing hits the ogre.
The orc warrior hits you with a +0 hand axe!
The orc warrior hits your hellwing but does no damage.
The orc warrior hits your neqoxec with a +0 hand axe.
Your neqoxec hits the orc warrior. You slash the orc knight!
You hit the orc warrior.
The orc warrior hits you but does no damage.
The ogre hits your hellwing with a +0 giant club.
Your hellwing hits the ogre.
Your hellwing barely misses the ogre.
The orc knight hits you with a cursed -3 war axe!
The orc warrior hits you with a +0 hand axe.
The orc warrior hits your hellwing with a +0 hand axe.
The orc warrior hits your neqoxec with a +0 hand axe.
Your neqoxec hits the orc warrior!
The orc warrior dies!
Makhleb accepts your kill.
You feel much better. The orc warrior barely misses you.
The ogre hits your hellwing but does no damage.
You hit the orc knight but do no damage.
The orc knight hits you with a cursed -3 war axe.
The orc knight hits your neqoxec with a cursed -3 war axe.
The orc warrior hits you from afar with a +0 halberd!
Your hellwing hits the ogre!
The ogre dies!
Makhleb accepts your kill.
You feel your intelligence returning.
Your neqoxec hits the orc knight! You closely miss the orc knight.
The orc knight hits you but does no damage.
The orc knight completely misses your neqoxec.
Your neqoxec barely misses the orc knight.
The orc warrior hits you but does no damage.
You closely miss the orc knight.
The orc knight hits you with a cursed -3 war axe!
The orc knight closely misses your neqoxec.
Your hellwing swoops through the air toward the orc knight!
Your hellwing hits the orc knight. x2
Your neqoxec barely misses the orc knight.
The orc warrior closely misses you.
You closely miss the orc knight.
The orc warrior no longer looks unusually strong.
The orc knight hits you with a cursed -3 war axe!
* * * LOW HITPOINT WARNING * * *
The orc knight hits your neqoxec but does no damage.
The orc knight hits your hellwing with a cursed -3 war axe!
Your hellwing closely misses the orc knight.
Your hellwing hits the orc knight but does no damage.
Your neqoxec gestures at the orc knight.
The orc knight twists and deforms.
The orc warrior hits you from afar with a +0 halberd!
You die...

,, , , , , ........ ,
,...............$........ ,
, ,.....$..................
, , ,,
........................ ,
........................ ,
.....$.................. ,
....)o..................
,.......o4............... ,
,,,.....>3@.........)..))..
* ,,
.......)...........).... ,
,................))[[))..
** ,
................)))[)... **
, ..############..)))#####
, , ., #....)))).# * , ,
#...)))...# * *#######
#.ยง.......# # , #.....#
#.........# #


You could see an orc knight (misshapen), an orc warrior, a friendly hellwing
(summoned) and a friendly neqoxec (summoned).

Vanquished Creatures
  3 orc high priests (Orc:2)
  2 orc knights (Orc:2)
  4 orc sorcerers (Orc:2)
  Joseph (D:7)
  A troll (Orc:2)
  3 yaks (D:7)
  19 orc warriors
  3 ogres
  2 centaurs
  A phantom (D:9)
  A bullfrog (D:7)
  3 scorpions
  2 troll zombies (D:9)
  5 wights (D:7)
  A jelly (D:6)
  A centaur skeleton (D:4)
  18 orc priests
  6 orc wizards
  An iguana (D:6)
  A worker ant (D:5)
  5 ogre zombies (D:9)
  A hound skeleton (D:8)
  4 gnolls (D:5)
  2 adders
  2 shadow imps
  3 oozes
  A dart slug (D:1)
  3 leopard geckos
  26 orcs
  2 ball pythons
  2 bats
  A giant cockroach (D:1)
  3 goblins
  2 hobgoblins (D:1)
  4 kobolds
  2 quokkas
  2 frilled lizards
  4 goblin zombies (D:9)
  A hobgoblin skeleton (D:9)
  4 hobgoblin zombies (D:9)
  A jackal skeleton (D:6)
  An orc skeleton (D:9)
  15 orc zombies (D:9)
  3 rats
172 creatures vanquished.

Vanquished Creatures (collateral kills)
  An orc warlord (Orc:2)
  An orc sorcerer (Orc:2)
  An orc knight (Orc:2)
  3 orc warriors (Orc:2)
  An ogre (Orc:2)
  3 orc priests (Orc:2)
  2 orc wizards (Orc:2)
  An ogre zombie (D:9)
  7 orcs (Orc:2)
20 creatures vanquished.

Vanquished Creatures (others)
  A hungry ghost (D:9)
1 creature vanquished.

Grand Total: 193 creatures vanquished

Notes
Turn   | Place    | Note
-------+----------+-------------------------------------------
     0 | D:1      | sentinel the Deep Dwarf Fighter began the quest for the
                  | Orb.
     0 | D:1      | Reached XP level 1. HP: 20/20 MP: 1/1
   205 | D:1      | Reached skill level 3 in Axes
   205 | D:1      | Reached XP level 2. HP: 22/27 MP: 2/2
   487 | D:3      | Reached XP level 3. HP: 26/33 MP: 3/3
   542 | D:4      | Noticed an ogre
   546 | D:4      | Reached skill level 1 in Evocations
   553 | D:4      | Killed an ogre
   553 | D:4      | Reached skill level 4 in Axes
   553 | D:4      | Reached XP level 4. HP: 26/40 MP: 3/6
   584 | D:5      | Entered Level 5 of the Dungeon
   584 | D:5      | Noticed a centaur
   601 | D:5      | Reached XP level 5. HP: 18/46 MP: 7/7
   607 | D:5      | Killed a centaur
   607 | D:5      | Reached skill level 5 in Axes
   623 | D:5      | Found a staircase to the Ecumenical Temple.
   633 | Temple   | Entered the Ecumenical Temple
   730 | Temple   | Became a worshipper of Makhleb the Destroyer
   852 | D:5      | Reached skill level 6 in Axes
   852 | D:5      | Reached XP level 6. HP: 36/55 MP: 9/9
   857 | D:5      | Noticed Ijyb
   915 | D:6      | Noticed an orc warrior
   934 | D:5      | Noticed an ice beast
  1032 | D:5      | Reached skill level 7 in Axes
  1056 | D:7      | Noticed Joseph
  1057 | D:7      | Noticed a hungry ghost
  1069 | D:7      | Reached XP level 7. HP: 25/61 MP: 8/8
  1074 | D:7      | Reached skill level 8 in Axes
  1079 | D:7      | Killed Joseph
  1079 | D:7      | Reached skill level 9 in Axes
  1089 | D:7      | Noticed a yak
  1096 | D:7      | Noticed a yak
  1097 | D:7      | Noticed a yak
  1104 | D:7      | Killed a yak
  1104 | D:7      | Reached skill level 10 in Axes
  1104 | D:7      | Reached XP level 8. HP: 37/68 MP: 8/8
  1122 | D:7      | Reached * piety under Makhleb
  1122 | D:7      | Reached skill level 11 in Axes
  1338 | D:8      | Reached skill level 1 in Invocations
  1442 | D:9      | Found a staircase to the Orcish Mines.
  1458 | D:9      | Reached ** piety under Makhleb
  1500 | D:9      | Gained mutation: You passively map the area around you.
                  | [Deep Dwarf growth]
  1500 | D:9      | Reached XP level 9. HP: 63/76 MP: 9/9
  1517 | Orc:1    | Entered Level 1 of the Orcish Mines
  1700 | Orc:2    | Entered Level 2 of the Orcish Mines
  1714 | Orc:2    | Reached skill level 5 in Invocations
  1782 | Orc:2    | Noticed a troll
  1789 | Orc:2    | Killed a troll
  1837 | Orc:2    | Noticed an orc high priest
  1837 | Orc:2    | Noticed an orc warlord
  1837 | Orc:2    | Noticed an orc sorcerer
  1837 | Orc:2    | Noticed an orc high priest
  1838 | Orc:2    | Noticed a hellwing
  1838 | Orc:2    | Noticed an ice devil
  1841 | Orc:2    | Reached *** piety under Makhleb
  1843 | Orc:2    | Noticed an orc knight
  1843 | Orc:2    | Noticed an orc high priest
  1843 | Orc:2    | Reached skill level 5 in Shields
  1844 | Orc:2    | Noticed an orc sorcerer
  1844 | Orc:2    | Noticed an orc knight
  1846 | Orc:2    | Reached skill level 5 in Armour
  1856 | Orc:2    | Noticed a rust devil
  1856 | Orc:2    | Noticed a soul eater
  1857 | Orc:2    | Killed an orc sorcerer
  1857 | Orc:2    | Killed an orc high priest
  1857 | Orc:2    | Reached XP level 10. HP: 87/87 MP: 8/10
  1860 | Orc:2    | Killed an orc knight
  1860 | Orc:2    | Killed an orc high priest
  1860 | Orc:2    | Reached skill level 12 in Axes
  1860 | Orc:2    | Noticed an orc knight
  1863 | Orc:2    | Noticed an orc sorcerer
  1863 | Orc:2    | Noticed an orc sorcerer
  1864 | Orc:2    | Killed an orc high priest
  1864 | Orc:2    | Reached skill level 5 in Fighting
  1867 | Orc:2    | Noticed a soul eater
  1868 | Orc:2    | Killed an orc sorcerer
  1869 | Orc:2    | Noticed a soul eater
  1873 | Orc:2    | Killed an orc knight
  1873 | Orc:2    | Killed an orc warlord
  1873 | Orc:2    | Reached skill level 10 in Invocations
  1873 | Orc:2    | Reached XP level 11. HP: 37/96 MP: 10/13
  1877 | Orc:2    | Killed an orc sorcerer
  1880 | Orc:2    | Killed an orc knight
  1884 | Orc:2    | Killed an orc sorcerer
  1980 | Orc:2    | Found Wutaimm's Antique Armour Shoppe.
  1981 | Orc:2    | Found Fienin's Antique Weapon Shoppe.
  1982 | Orc:2    | Found Zutrab's General Store.
  1982 | Orc:2    | Found Beretano's Jewellery Emporium.
  1997 | Orc:2    | Bought a translucent battleaxe for 207 gold pieces
  2002 | Orc:2    | Identified the cursed +3 battleaxe "Ageajo" {vorpal, rC+
                  | rN+ SInv} (You bought it in a shop on level 2 of the Orcish
                  | Mines)
  2005 | Orc:2    | Bought a pair of boots for 103 gold pieces
  2048 | Orc:2    | Found a staircase to the Elven Halls.
  2050 | Orc:2    | Noticed an orc sorcerer
  2054 | Orc:2    | Noticed an orc knight
  2055 | Orc:2    | Killed an orc sorcerer
  2068 | Orc:2    | Slain by an orc warrior

Illustrated notes

Levels and vault maps discovered:
D:1:      scummos_arrival_hexagon, layout_basic
D:2:      layout_basic, first_ration, minmay_fractal_squares_gapless_5,
          uniq_robin
D:3:      layout_rooms
D:4:      layout_loops_ring, uniq_eustachio
D:5:      layout_cave_pools, minmay_temple_entry_purple_smoke, serial_shops,
          shop, ashenzari_altar_1, uniq_ijyb
D:6:      layout_basic, solitary_fountain
D:7:      layout_basic, basic_altar, hangedman_abyss_or_decor_stabs, uniq_joseph
D:8:      layout_basic, gammafunk_temple_overflow_elements
D:9:      layout_gridville, grunt_temple_overflow_gold_and_silver,
          zombieorc2_lemuel, special_room [special_room_orc],
          gammafunk_ghost_hive
Temple:   dpeg_five_rooms_temple
Orc:1:    layout_diamond_mine, serial_shops, nicolae_shop_statue_plus
Orc:2:    st_orc_congregation, layout_caves, serial_shops, shop,
          nicolae_orc_bridge_out

Skill      XL: |  1  2  3  4  5  6  7  8  9 10 11 |
---------------+----------------------------------+-----
Axes           | 3 4 6 7 10 11 12 | 12.5
Evocations     | 3 4 |  4.0
Invocations    | 3 7 10 | 10.9
Fighting       | 3 4 5 6 |  6.0
Armour         | 4 5 6 7 |  7.3
Shields        | 5 6 7 |  7.2

Action                   |  1- 3 |  4- 6 |  7- 9 | 10-12 || total
-------------------------+-------+-------+-------+-------++-------
Melee: War axe           |    51 |    82 |   206 |    25 ||   364
       Battleaxe         |       |       |       |    12 ||    12
       Hand axe          |       |       |       |     7 ||     7
Invok: Lesser Servant of |       |       |       |     8 ||     8
 Abil: Heal Wounds       |     1 |     4 |    13 |    10 ||    28
Evoke: Wand              |       |       |     5 |     1 ||     6
  Use: Scroll            |       |     6 |     3 |     1 ||    10
       Potion            |       |     1 |     2 |       ||     3
 Stab: Confused          |       |       |     3 |       ||     3
       Distracted        |       |       |       |     3 ||     3
  Eat: Ration            |       |     1 |     2 |       ||     3
       Chunk             |       |       |     3 |       ||     3
Armor: Scale mail        |    28 |       |       |       ||    28
       Plate armour      |    36 |    70 |   132 |    20 ||   258
Dodge: Dodged            |    35 |    22 |    47 |    12 ||   116
Block: Kite shield       |    83 |    81 |   138 |    12 ||   314
